 Dungeon Crawl Stone Soup version 0.14.0-24-gfb45beb (webtiles) character file.

118 staplegun the Cudgeler (level 3, -1/24 HPs)
             Began as a Gargoyle Berserker on Apr 23, 2014.
             Was a Follower of Trog.
             Slain by a giant newt (3 damage)
             ... on Level 2 of the Dungeon.
             The game lasted 00:01:15 (1481 turns).

staplegun the Cudgeler (Gargoyle Berserker)         Turns: 1481, Time: 00:01:15

HP  -1/24        AC  5     Str 21      XL: 3   Next: 58%
MP   3/3         EV 12     Int  7      God: Trog [*.....]
Gold 75          SH  0     Dex  9      Spells:  0 memorised,  2 levels left

rFire  . . .     SeeInvis .     a - +0 mace
rCold  . . .     Clarity  .     b - +0 animal skin
rNeg   + . .     Conserve .     (no shield)
rPois  +         rCorr    .     (no helmet)
rElec  +         rRot     +     (no cloak)
SustAb . .       Spirit   .     (no gloves)
rMut   .         Warding  .     (no boots)
Saprov . . .     Stasis   .     (no amulet)
MR     .....                    (no ring)
                                (no ring)

@: exhausted, slowed, very slow, not resistant to hostile enchantments, very
unstealthy
A: life protection 1, electricity resistance, unbreathing, petrification
resistance, AC +3
a: Burn Spellbooks, Berserk, Renounce Religion


You were on level 2 of the Dungeon.
You worshipped Trog.
Trog was aware of your devotion.
You were not hungry.

You visited 1 branch of the dungeon, and saw 2 of its levels.

You collected 75 gold pieces.

Inventory:

Hand weapons
 a - a +0,+0 mace (weapon)
Armour
 b - a +0 animal skin (worn)
Magical devices
 m - a wand of random effects (11) {unknown}
Comestibles
 c - 3 bread rations
 f - a meat ration
 k - a choko
Scrolls
 e - a scroll of identify {unknown}
 h - 2 scrolls of teleportation {unknown}
 i - a scroll of recharging {unknown}
 l - a scroll of magic mapping {unknown}
Jewellery
 g - an uncursed ring of sustenance {unknown}
Potions
 d - a potion of porridge
 j - a potion of might {unknown}


   Skills:
 + Level 3.7 Fighting
 + Level 4.2 Maces & Flails
 + Level 2.7 Armour
 - Level 1.5 Dodging


You had 2 spell levels left.
You didn't know any spells.

Dungeon Overview and Level Annotations

Branches:
Dungeon (2/15)

Altars:


Innate Abilities, Weirdness & Mutations

You are resistant to torment.
You are immune to poison.
You are immune to rotting.
Your stone body is very resilient (AC +3).
You resist negative energy.
You are resistant to electric shocks.
You can survive without breathing.
You are immune to petrification.


Message History

You closely miss Jessica.
Jessica is severely wounded.
Jessica hits you.
* * * LOW HITPOINT WARNING * * *
Jessica hits you.
* * * LOW HITPOINT WARNING * * *
You sock Jessica!
You kill Jessica!
Trog accepts your kill.
Trog appreciates your killing of a magic user.
A giant newt comes into view.
Things that are here:
a robe; the human corpse of Jessica You feel a strong urge to attack something.
You feel your anger subside.
You are no longer berserk.
You are exhausted.
You feel yourself slow down. The giant newt bites you.
You die...

. #.#.#.#.#..#. #.# #.#.#...#....
#.# #.#.######### #.#
#.#.......... #.# #.###########
#.# #.# #.# #%#
#######.############.###########
............[...@l..........>....
#######.############.######.####
#.# #.# #.# #)# #.# #.# #.# #.#
#.# #.# #.# #.# #.# #.######.#
..# #........# ### ##########


You could see a giant newt.

Vanquished Creatures
  Jessica (D:2)
  4 goblins
  7 hobgoblins
  2 jackals (D:2)
  2 bats (D:1)
  2 giant cockroaches (D:1)
  3 giant newts (D:1)
  A kobold (D:2)
  4 rats
26 creatures vanquished.

Notes
Turn   | Place    | Note
--------------------------------------------------------------
     0 | D:1      | staplegun, the Gargoyle Berserker, began the quest for the Orb.
     0 | D:1      | Reached XP level 1. HP: 14/14 MP: 1/1
     0 | D:1      | Noticed a troll skeleton
     0 | D:1      | Noticed a merfolk skeleton
     1 | D:1      | Noticed an elf skeleton
     3 | D:1      | Noticed a human skeleton
     6 | D:1      | Noticed a minotaur skeleton
     8 | D:1      | Noticed an elf skeleton
    13 | D:1      | Noticed a troll skeleton
    14 | D:1      | Noticed a troll skeleton
    14 | D:1      | Noticed a spriggan skeleton
    16 | D:1      | Noticed a spriggan skeleton
    18 | D:1      | Noticed an elf skeleton
    19 | D:1      | Noticed a draconian skeleton
   242 | D:1      | Reached XP level 2. HP: 9/19 MP: 2/2
  1085 | D:2      | Reached skill level 4 in Maces & Flails
  1093 | D:2      | Reached XP level 3. HP: 2/23 MP: 3/3
  1460 | D:2      | Noticed Jessica
  1476 | D:2      | Killed Jessica
  1481 | D:2      | Slain by a giant newt

Action                   || total
-------------------------++-------
Melee: Mace              ||    74
Invok: Berserk           ||     1
